 Dungeon Crawl Stone Soup version bcrawl-1.38.3 (webtiles) character file.

Game seed: 17696766043806071476

301744 kosoiffoigrumme1174 the Righteous (level 10, -11/88 HPs)
             Began as a Troll Chaos Knight on June 25, 2023.
             Was a Follower of the Shining One.
             Mangled by a red devil
             ... wielding a +0 trident
             ... summoned by Xom
              (12 damage)
             ... on level 9 of the Dungeon.
             The game lasted 00:17:22 (8735 turns).

kosoiffoigrumme1174 the Righteous (TrCK)            Turns: 8735, Time: 00:17:23

Health: -11/88     AC:  9    Str: 20    XL:     10   Next: 39%
Magic:  17/17      EV: 14    Int:  9    God:    the Shining One [*.....]
Gold:   485        SH:  0    Dex: 14    Spells: 9/9 levels left

rFire    . . .     GDR:     29% b - +2 hunting sling
rCold    . . .     SeeInvis .   (no shield)
rNeg     . . .     Gourm    +   (armour unavailable)
rPois    .         Faith    .   (helmet restricted)
rElec    .         Spirit   .   l - +0 cloak
rCorr    .         Reflect  .   (gloves unavailable)
MR       .....     Clarity  +   (boots unavailable)
Stlth    +.........             (no amulet)
HPRegen  0.64/turn              v - +3 ring of evasion
MPRegen  0.15/turn              (no ring)

@: lethally poisoned (-11 -> -12), hasted, glowing, very quick
A: large, almost no armour, claws 3, agile 1, clarity, fast metabolism 3, frail
1, gourmand, regeneration 1, weak 1, AC +8
a: Divine Shield, Renounce Religion


You were on level 9 of the Dungeon.
You worshipped the Shining One.
The Shining One was aware of your devotion.
You were very full.

You visited 2 branches of the dungeon, and saw 10 of its levels.

You collected 623 gold pieces.
You spent 138 gold pieces at shops.

Inventory:

Hand Weapons
 b - a +2 hunting sling (weapon)
Missiles
 d - 1359 sling bullets
 k - 2131 stones (quivered)
 w - a throwing net {=f}
 x - 89 tomahawks of dispersal {=f}
Armour
 l - a +0 cloak (worn)
Jewellery
 j - an uncursed ring of magical power
 v - a +3 ring of evasion (left claw)
Wands
 q - a wand of iceblast (5)
 r - a wand of polymorph (7)
 t - a wand of paralysis (7)
 z - a wand of clouds (5)
Scrolls
 a - 7 scrolls of teleportation
 c - a scroll of enchant armour
 g - 2 scrolls of magic mapping
 i - a scroll of identify
 n - 2 scrolls of remove curse
 o - 2 scrolls of immolation
 s - 2 scrolls of enchant weapon
 y - 2 scrolls of amnesia
Potions
 f - a potion of ambrosia
 h - a potion of flight
 m - 2 potions of agility
 p - a potion of haste
 u - a potion of curing
 A - 2 potions of might {unknown}
Comestibles
 e - 19 rations {!d}


   Skills:
 - Level 6.0 Fighting
 - Level 3.6 Dodging
 - Level 6.0 Unarmed Combat
 + Level 11.7 Invocations
 - Level 2.6 Evocations


You had 9 spell levels left.
You didn't know any spells.
Your spell library contained the following spells:

 Spells                   Type           Power        Failure   Level  Hunger
 Necrotize                Necr           #.....       38%         1    None
 Poisonous Vapours        Pois/Air       #.....       52%         2    ####...
 Conjure Flame            Conj/Fire      #.......     77%         3    #####..
 Mephitic Cloud           Conj/Pois/Air  #.......     77%         3    #####..
 Vampiric Draining        Necr           #.........   77%         3    #####..
 Agony                    Necr           #.......     99%         4    ######.
 Animate Dead             Necr           N/A          99%         4    ######.
 Dispel Undead            Necr           #.......     100%        5    #######
 Freezing Cloud           Ice/Air        #.......     100%        5    #######
 Steam Barrier            Chrm/Fire      #.........   100%        5    #######


Dungeon Overview and Level Annotations

Branches:
Dungeon (9/12)             Temple (1/1) D:5            Lair (0/6) D:7
    Orc: D:8-11

Altars:
Ashenzari
Cheibriados
Dithmenos
Elyvilon
Fedhas
Gozag
Hepliaklqana
Kikubaaqudgha
Lugonu
Makhleb
Nemelex Xobeh
Okawaru
Qazlal
Ru
Sif Muna
Trog
Uskayaw
Vehumet
Wu Jian
Xom
Yredelemnul
Zin
The Shining One

Shops:
D:4 ?   D:5 (   D:7 :   D:8 =


Innate Abilities, Weirdness & Mutations

You cannot wear most types of armour.
Your thick skin is tough. (AC +8)
You are too large for most types of armour.
You have claws for hands.
Your metabolism is lightning-fast.
You like to eat raw meat.
Your natural rate of healing is unusually fast.
You are agile. (Dex +2)
You possess an exceptional clarity of mind.
You are frail. (-10% HP)
You are weak. (Str -2)


Message History

The red devil hits you but does no damage.
The hornet stings you!
* * * LOW HITPOINT WARNING * * *
You are poisoned.
You feel as though you will be slow longer.
There is an open door here.
You feel yourself speed up.
You feel yourself speed up.
You feel sick. The sixfirhy closely misses you. The sixfirhy misses you.
The sixfirhy hits you.
* * * LOW HITPOINT WARNING * * *
The sixfirhy shocks you!
* * * LOW HITPOINT WARNING * * *
The hornet stings you but does no damage.
The iron imp hits you.
* * * LOW HITPOINT WARNING * * *
Xom roars with laughter!
The red devil hits you from afar with a +0 trident!
You die...
Xom giggles madly!

#....#..#.....#.#.......#.###.#.#
#....#..#.....#.#.......#.###).#.
)....'........#.#.......+.....#..
######.......)..'.......#.#))#.#.
############.......#..)#)#..
..........#.......#..#..##.
..........#.......#.#...#..
.........y#.......#..#..##.
........53@.......#..##....
.........5#.......#. #....
..../...44#.......#. #....
..........#.......# #....
..###....####.....# ..... #....#
.....# # )...... ...... #
......... ...... # .......... #


You could see a sixfirhy, a hornet, a chaos spawn, a red devil, an iron imp and
a crimson imp.

Vanquished Creatures
  Pikel (D:7)
  3 trolls
  Prince Ribbit (D:7)
  Grinder (D:5)
  Eustachio (D:4)
  A hungry ghost (D:5)
  Edmund (D:5)
  2 orc warriors
  Duvessa (D:5)
  A sky beast (D:7)
  2 ice beasts
  A wolf (D:7)
  2 phantoms
  5 ogres
  4 kobold brigands
  Dowan (D:5)
  3 centaurs
  5 wights (D:8)
  4 electric eels (D:7)
  4 orc priests
  2 howler monkeys (D:9)
  A bullfrog zombie (D:7)
  4 crimson imps
  A jelly (D:7)
  6 orc wizards
  Crazy Yiuf (D:3)
  6 hounds
  A bullfrog skeleton (D:8)
  Terence (D:2)
  Jessica (D:2)
  An iguana (D:5)
  5 worker ants
  Ijyb (D:4)
  3 hound skeletons
  A worker ant zombie (D:5)
  Robin (D:3)
  11 adders
  4 gnolls (D:4)
  2 oozes
  2 adder zombies (D:7)
  2 adder skeletons (D:7)
  4 worms
  2 dart slugs
  5 leopard geckos
  26 orcs
  3 ball pythons
  2 bats (D:1)
  2 giant cockroaches
  13 goblins
  11 hobgoblins
  7 jackals
  5 quokkas
  5 frilled lizards
  21 kobolds
  5 rats
212 creatures vanquished.

Vanquished Creatures (collateral kills)
  An adder (D:3)
  A worm (D:3)
  An orc (D:3)
  A kobold (D:3)
4 creatures vanquished.

Vanquished Creatures (others)
  2 slaves (D:7)
2 creatures vanquished.

Grand Total: 218 creatures vanquished

Notes
Turn   | Place    | Note
-------+----------+-------------------------------------------
     0 | D:1      | kosoiffoigrumme1174 the Troll Chaos Knight began the quest
                  | for the Orb.
     0 | D:1      | Reached XP level 1. HP: 22/22 MP: 0/0
    69 | D:1      | XOM: divination: detect creatures
   386 | D:1      | Reached XP level 2. HP: 29/29 MP: 1/1
   790 | D:2      | Reached XP level 3. HP: 34/37 MP: 2/2
   834 | D:2      | Found a sparkling altar of Nemelex Xobeh.
   834 | D:2      | Noticed Jessica
   843 | D:2      | Killed Jessica
   867 | D:2      | Found an ornate altar of the Wu Jian Council.
   869 | D:2      | Found a bloodstained altar of Trog.
   869 | D:2      | Found a shattered altar of Ashenzari.
   869 | D:2      | Found a shimmering altar of Xom.
   869 | D:2      | Found a shimmering blue altar of Sif Muna.
   878 | D:2      | Noticed Terence
   906 | D:2      | XOM: silly message
   924 | D:2      | Killed Terence
   925 | D:2      | Gained mutation: Your natural rate of healing is unusually
                  | fast. [Troll growth]
   925 | D:2      | Reached XP level 4. HP: 22/45 MP: 3/3
  1105 | D:2      | Found an ancient bone altar of Kikubaaqudgha.
  1538 | D:2      | XOM: silly message
  1596 | D:2      | XOM: draining
  1626 | D:3      | XOM: chaos upgrade
  1728 | D:3      | XOM: medium Summ miscast
  1729 | D:3      | Noticed a sun demon
  1818 | D:3      | Reached XP level 5. HP: 49/54 MP: 4/4
  2028 | D:3      | XOM: give mutations
  2028 | D:3      | Gained mutation: You are agile. (Dex +2) [Xom's grace]
  2028 | D:3      | Gained mutation: You possess an exceptional clarity of
                  | mind. [Xom's grace]
  2028 | D:3      | Gained mutation: You expend magic power (3 MP) to
                  | strengthen your wands. [Xom's grace]
  2151 | D:3      | XOM: severe Tmut miscast
  2151 | D:3      | Gained mutation: Scrolls take you a little longer to read.
                  | [the severe capriciousness of Xom]
  2151 | D:3      | Gained mutation: You are weak. (Str -2) [the severe
                  | capriciousness of Xom]
  2214 | D:3      | XOM: divination: detect items
  2323 | D:3      | Reached skill level 5 in Unarmed Combat
  2377 | D:3      | Found a runed door.
  2595 | D:3      | Noticed Crazy Yiuf
  2603 | D:3      | Killed Crazy Yiuf
  2668 | D:4      | Found Hafyneebb's Magic Scroll Shop.
  2668 | D:4      | Noticed an ice beast
  2671 | D:4      | XOM: enchant monster (bad)
  2680 | D:4      | Killed an ice beast
  2681 | D:4      | Reached XP level 6. HP: 11/63 MP: 5/5
  2763 | D:4      | Noticed Ijyb
  2768 | D:4      | Noticed Robin
  2790 | D:3      | Killed Robin
  2836 | D:4      | Killed Ijyb
  2841 | D:4      | XOM: medium Tmut miscast
  3019 | D:4      | Bought a scroll of identify for 24 gold pieces
  3019 | D:4      | Bought a scroll of identify for 24 gold pieces
  3038 | D:4      | Bought a scroll of enchant weapon for 90 gold pieces
  3089 | D:4      | XOM: 1-stop teleportation journey
  3113 | D:4      | XOM: summons 2 friendly demons
  3120 | D:4      | Reached skill level 5 in Fighting
  3139 | D:4      | Reached XP level 7. HP: 41/72 MP: 6/6
  3191 | D:4      | Found an opulent altar of Gozag.
  3498 | D:4      | XOM: harmless Fire miscast
  3562 | D:4      | XOM: noise
  3625 | D:4      | Reached skill level 1 in Evocations
  3688 | D:4      | Noticed Eustachio
  3698 | D:4      | XOM: noise
  3701 | D:4      | XOM: summons friendly ufetubus
  3703 | D:4      | XOM: cast spell 'Statue Form'
  3723 | D:4      | Killed Eustachio
  3893 | D:5      | Entered Level 5 of the Dungeon
  3925 | D:5      | Reached XP level 8. HP: 83/83 MP: 8/8
  3977 | D:5      | Noticed Duvessa
  3977 | D:5      | Noticed Dowan
  3987 | D:5      | Killed Duvessa
  4002 | D:5      | Killed Dowan
  4109 | D:5      | XOM: god gift: glowing brass wand {god gift}
  4136 | D:5      | Found a staircase to the Ecumenical Temple.
  4141 | Temple   | Entered the Ecumenical Temple
  4305 | Temple   | Fell from the grace of Xom
  4305 | Temple   | Became a worshipper of the Shining One
  4475 | D:5      | XOM: divination: detect items
  4553 | D:5      | XOM: mild Tmut miscast
  4627 | D:5      | Noticed Grinder
  4627 | D:5      | XOM: scenery: 1 doors close
  4632 | D:5      | Paralysed by Grinder for 4 turns
  4638 | D:5      | XOM: fake destruction
  4645 | D:5      | Killed Grinder
  4646 | D:5      | Reached skill level 3 in Invocations
  4659 | D:5      | XOM: enchant monster (good)
  4660 | D:5      | Reached skill level 4 in Invocations
  4700 | D:5      | Found Fiho's Antique Weapon Boutique.
  4722 | D:5      | Reached skill level 5 in Invocations
  4828 | D:5      | XOM: god gift: leather armour {god gift}
  4871 | D:5      | Noticed Edmund
  4894 | D:5      | Killed Edmund
  5113 | D:5      | XOM: confuse monster(s)
  5273 | D:6      | XOM: divination: detect items
  5277 | D:6      | Reached skill level 6 in Invocations
  5277 | D:6      | Reached XP level 9. HP: 89/89 MP: 12/12
  5348 | D:6      | XOM: potion effect (haste)
  5426 | D:6      | Found a shimmering altar of Xom.
  5471 | D:6      | XOM: divination: detect items
  5484 | D:6      | Found a glowing golden altar of the Shining One.
  5738 | D:7      | Reached * piety under the Shining One
  5739 | D:7      | Found Salaz's Book Shoppe.
  5743 | D:7      | Noticed a troll
  5758 | D:7      | XOM: silly message
  5762 | D:7      | Killed a troll
  5763 | D:7      | Reached skill level 7 in Invocations
  5775 | D:7      | XOM: cleaving
  5961 | D:7      | XOM: god gift: 97 stones
  6006 | D:7      | Found a white marble altar of Elyvilon.
  6084 | D:7      | Reached skill level 8 in Invocations
  6144 | D:7      | Found a staircase to the Lair.
  6186 | D:7      | Noticed Pikel
  6186 | D:7      | XOM: cast spell 'Summon Ice Beast'
  6194 | D:7      | Killed Pikel
  6195 | D:7      | Reached skill level 9 in Invocations
  6311 | D:7      | XOM: blink monster(s)
  6495 | D:7      | Reached skill level 10 in Invocations
  6618 | D:7      | XOM: cloud trail
  6635 | D:7      | XOM: harmless Conj miscast
  6826 | D:7      | XOM: mild Air miscast
  6834 | D:7      | Noticed Prince Ribbit
  6844 | D:7      | Killed Prince Ribbit
  6845 | D:7      | Reached XP level 10. HP: 98/98 MP: 12/16
  6871 | D:7      | XOM: confuse monster(s)
  7081 | D:8      | Found a basalt altar of Yredelemnul.
  7351 | D:8      | XOM is BORED!
  7351 | D:8      | XOM: give mutations
  7351 | D:8      | Lost mutation: You expend magic power (3 MP) to strengthen
                  | your wands. [Xom's mischief]
  7351 | D:8      | Lost mutation: Scrolls take you a little longer to read.
                  | [Xom's mischief]
  7458 | D:8      | XOM: noise
  7462 | D:8      | Reached skill level 11 in Invocations
  7465 | D:8      | XOM: confuse monster(s)
  7468 | D:8      | Reached ** piety under the Shining One
  7582 | D:8      | XOM: give mutations
  7582 | D:8      | Lost mutation: You are weak. (Str -2) [Xom's mischief]
  7582 | D:8      | Gained mutation: You are weak. (Str -2) [Xom's mischief]
  7582 | D:8      | Gained mutation: You are frail. (-10% HP) [Xom's mischief]
  7902 | D:8      | Found Wummyo's Jewellery Boutique.
  8066 | D:8      | XOM: harmless Necr miscast
  8729 | D:9      | XOM: summons 5 hostile demons
  8730 | D:9      | Noticed a sixfirhy
  8735 | D:9      | HP: 1/88 [iron imp[Xom] (5)]
  8735 | D:9      | Mangled by a red devil

Skill      XL: |  1  2  3  4  5  6  7  8  9 10 |
---------------+-------------------------------+-----
Fighting       | 3 4 5 6 |  6.0
Unarmed Combat | 4 5 6 |  6.0
Dodging        | 3 |  3.6
Evocations     | 1 2 |  2.6
Invocations    | 6 10 11 | 11.7

Action                   |  1- 3 |  4- 6 |  7- 9 | 10-12 || total
-------------------------+-------+-------+-------+-------++-------
Melee: Unarmed           |    96 |   124 |   188 |   108 ||   516
       Punch             |       |       |     6 |     1 ||     7
 Fire: Hunting sling     |    14 |   123 |   142 |    65 ||   344
Invok: Divine Shield     |       |       |     4 |     4 ||     8
Evoke: Wand              |       |       |     1 |       ||     1
  Use: Potion            |     2 |     1 |       |     1 ||     4
       Scroll            |       |     7 |     3 |     2 ||    12
  Eat: Chunk             |     9 |    24 |    29 |    17 ||    79
       Ration            |       |       |     2 |       ||     2
Armor: Skin              |    31 |    44 |    72 |    34 ||   181
Dodge: Dodged            |    38 |    78 |    94 |    89 ||   299
Block: Other             |       |       |    15 |    15 ||    30
